 Dungeon Crawl Stone Soup version 0.22-a0-799-g88f5e90 (webtiles) character file.

56 iamserjio the Firebug (level 3, -1/19 HPs)
             Began as a Tengu Fire Elementalist on July 21, 2018.
             Slain by an ooze (4 damage)
             ... on level 3 of the Dungeon.
             The game lasted 00:03:18 (524 turns).

iamserjio the Firebug (Tengu Fire Elementalist)      Turns: 524, Time: 00:03:19

Health: -1/19      AC:  3    Str:  8    XL:     3   Next: 97%
Magic:  1/8        EV: 12    Int: 16    God:
Gold:   91         SH:  0    Dex: 14    Spells: 6/7 levels left

rFire    . . .     SeeInvis .   b - +0 club
rCold    . . .     Gourm    .   (no shield)
rNeg     . . .     Faith    .   a - +0 robe
rPois    .         Spirit   .   (helmet restricted)
rElec    .         Reflect  .   (no cloak)
rCorr    .         Harm     .   d - +0 pair of gloves
MR       .....                  (boots unavailable)
Stlth    ++........             g - amulet of rage
HPRegen  0.06/turn              f - ring of flight
MPRegen  0.11/turn              (no ring)

@: very slightly contaminated
A: beak, talons 3
a: Evoke Berserk Rage, Evoke Flight


You were on level 3 of the Dungeon.
You were not hungry.

You visited 1 branch of the dungeon, and saw 3 of its levels.

You collected 91 gold pieces.

Inventory:

Hand Weapons
 b - a +0 club (weapon)
 j - a cursed -3 hunting sling
Missiles
 o - 22 arrows
Armour
 a - a +0 robe (worn)
 d - a +0 pair of gloves (worn)
Jewellery
 f - a ring of flight (left hand)
 g - an amulet of rage (around neck)
Scrolls
 h - a scroll of noise {unknown}
 k - a scroll of teleportation {unknown}
 l - a scroll of remove curse {unknown}
 m - a scroll of immolation {unknown}
 n - 3 scrolls of identify {unknown}
Potions
 e - a potion of haste {unknown}
 i - a potion of curing {unknown}
Comestibles
 c - 4 rations


   Skills:
 - Level 2.1 Dodging
 - Level 2.0 Stealth
 + Level 2.7 Spellcasting
 + Level 3.0 Conjurations
 + Level 4.0 Fire Magic


You had 6 spell levels left.
You knew the following spells:

 Your Spells              Type           Power        Failure   Level  Hunger
a - Flame Tongue          Conj/Fire      ##...        4%          1    #......

Your spell library contained the following spells:

 Spells                   Type           Power        Failure   Level  Hunger
 Fireball                 Conj/Fire      ##........   77%         5    ######.
 Conjure Flame            Conj/Fire      ##......     14%         3    ###....
 Throw Flame              Conj/Fire      ##....       7%          2    ##.....
 Sticky Flame             Conj/Fire      ##......     41%         4    #####..
 Inner Flame              Hex/Fire       #.......     26%         3    ###....


Dungeon Overview and Level Annotations

Branches:
Dungeon (3/15)

Altars:
Ashenzari


Innate Abilities, Weirdness & Mutations

You have a beak for a mouth.
You have claws for feet.


Message History

The flame tongue hits the gnoll.
The gnoll is severely wounded.
The ooze jiggles.
The gnoll barely misses you.
Casting: Flame Tongue (safe; 4% risk of failure)
Confirm with . or Enter, or press ? or * to list all spells.
Aiming: Flame Tongue (safe; 4% risk of failure)
Press: ? - help, Shift-Dir - straight line, f/p - gnoll
Aim: a gnoll, wielding a flail (severely wounded)
The flame tongue hits the gnoll.
You kill the gnoll!
Your Conjurations skill increases to level 3!
Your Fire Magic skill increases to level 4!
You hit the ooze but do no damage. The ooze barely misses you.
You hit the ooze.
The ooze is lightly wounded.
The ooze hits you.
* * * LOW HITPOINT WARNING * * *
The ooze hits you.
You die...

##...##
.######.....#
............#
#######.....###
#..<..........#
#.######).###.#
#.# #...##.#
####J####.#
#.#..#.#
....ggJ@..#
#....#.##
.....######
#.##....# ###
#........
####.....
#.#.#. #.#.#.
#.#.# ... . .##
#


You could see 2 gnolls and 2 oozes.

Vanquished Creatures
  2 gnolls (D:3)
  An adder (D:2)
  A ball python (D:2)
  5 bats
  A giant cockroach (D:2)
  4 hobgoblins
  2 jackals (D:2)
  A quokka (D:2)
  A frilled lizard (D:1)
  5 goblins
  2 kobolds (D:3)
  3 rats (D:1)
28 creatures vanquished.

Notes
Turn   | Place    | Note
-------+----------+-------------------------------------------
     0 | D:1      | iamserjio the Tengu Fire Elementalist began the quest for the Orb.
     0 | D:1      | Reached XP level 1. HP: 10/10 MP: 4/4
   142 | D:2      | Reached XP level 2. HP: 15/15 MP: 4/6
   295 | D:2      | Reached XP level 3. HP: 19/19 MP: 3/7
   338 | D:2      | Found a shattered altar of Ashenzari.
   522 | D:3      | Reached skill level 4 in Fire Magic
   524 | D:3      | Slain by an ooze

Vault maps used:
D:1:      lightli_arrival_statue_moat, patterned_corridor
D:2:      overflow_temple_1_default, first_ration
D:3:      tso_oasis_becter

Skill      XL: |  1  2  3 |
---------------+----------+-----
Conjurations   | 2 3 |  3.0
Fire Magic     | 4 |  4.0
Dodging        | |  2.1
Stealth        | |  2.0
Spellcasting   | |  2.7

Action                   || total
-------------------------++-------
Melee: Club              ||    55
       Unarmed           ||     3
       Kick              ||    11
       Peck              ||     5
 Cast: Flame Tongue      ||    29
 Stab: Sleeping          ||     1
Armor: Robe              ||    24
Dodge: Dodged            ||    76

Table legend:
 A = Spawn XP
 B = Non-spawn XP
 C = Spawn XP percentage of total XP
 D = Spawn monster count
 E = Non-spawn monster count
 F = Spawn count percentage of total count
 G = Total turns spent on level
                    A         B        C        D         E        F      G
               +---------+---------+-------+---------+---------+-------+---------
         Total |       0 |      81 |   0.0 |       0 |      28 |   0.0 |   524
               +---------+---------+-------+---------+---------+-------+---------
           D:1 |       0 |      11 |   0.0 |       0 |       8 |   0.0 |   133
           D:2 |       0 |      39 |   0.0 |       0 |      16 |   0.0 |   345
           D:3 |       0 |      31 |   0.0 |       0 |       4 |   0.0 |    46
               +---------+---------+-------+---------+---------+-------+---------
